2025 views
Uploaded 2022-10-20 00:55:09
Game version 1.33
36:04 long 3on3 ladder game on (8)Mur'gulOasis_LV
Saved by GIGA
2025 views
Uploaded 2022-10-20 00:55:09
Game version 1.33
36:04 long 3on3 ladder game on (8)Mur'gulOasis_LV


78 units @ 7.5k
/ 1.1k
168 buildings @ 11.3k
/ 5.2k


| Healing Salve | 1 | 100 |
| total: | 1 | 100g |
| Peasant | 18 | 1350 | / | 0 |
| Mortar Team | 6 | 1080 | / | 420 |
| Flying Machine | 15 | 1500 | / | 450 |
| Dragonhawk Rider | 2 | 400 | / | 60 |
| total: | 41 | 4330g | / | 930w |
| Scout Tower | 38 | 1140 | / | 760 |
| Arcane Tower | 1 | 70 | / | 50 |
| Guard Tower | 14 | 980 | / | 700 |
| Altar of Kings | 2 | 360 | / | 100 |
| Lumber Mill | 2 | 240 | / | 0 |
| Farm | 18 | 1440 | / | 360 |
| Town Hall | 1 | 385 | / | 205 |
| Blacksmith | 1 | 140 | / | 60 |
| Arcane Vault | 1 | 130 | / | 30 |
| Cannon Tower | 1 | 120 | / | 100 |
| Workshop | 3 | 420 | / | 420 |
| Gryphon Aviary | 1 | 140 | / | 150 |
| Keep | 1 | 320 | / | 210 |
| Castle | 1 | 360 | / | 210 |
| total: | 67 | 4395g | / | 2085w |
| 0:03 | Peasant |
| 0:07 | Altar of Kings |
| 0:08 | Peasant |
| 0:08 | Peasant |
| 0:19 | Lumber Mill |
| 0:22 | Farm |
| 0:23 | Peasant |
| 0:47 | Peasant |
| 0:58 | Peasant |
| 1:02 | Farm |
| 1:23 | Peasant |
| 1:29 | Peasant |
| 1:57 | Peasant |
| 2:16 | Storm Bolt |
| 2:17 | Peasant |
| 2:30 | Peasant |
| 2:35 | Scout Tower |
| 2:38 | Peasant |
| 2:41 | Peasant |
| 2:44 | Peasant |
| 2:49 | Peasant |
| 2:57 | Arcane Tower |
| 2:58 | Scout Tower |
| 3:01 | Peasant |
| 3:53 | Scout Tower |
| 3:53 | Scout Tower |
| 3:54 | Scout Tower |
| 3:55 | Scout Tower |
| 4:12 | Guard Tower |
| 4:23 | Guard Tower |
| 4:24 | Guard Tower |
| 4:26 | Guard Tower |
| 4:27 | Scout Tower |
| 4:29 | Scout Tower |
| 4:34 | Scout Tower |
| 4:46 | Peasant |
| 4:48 | Farm |
| 4:49 | Guard Tower |
| 4:53 | Guard Tower |
| 4:58 | Town Hall |
| 5:06 | Guard Tower |
| 5:09 | Scout Tower |
| 5:13 | Scout Tower |
| 5:30 | Peasant |
| 5:31 | Improved Lumber Harvesting |
| 5:31 | Improved Masonry |
| 5:48 | Guard Tower |
| 6:21 | Keep |
| 6:49 | Blacksmith |
| 7:10 | Healing Salve |
| 8:44 | Castle |
| 8:46 | Workshop |
| 9:27 | Black Gunpowder |
| 9:41 | Advanced Lumber Harvesting |
| 9:41 | Advanced Masonry |
| 9:45 | Workshop |
| 9:46 | Workshop |
| 9:54 | Flak Cannons |
| 9:58 | Farm |
| 9:59 | Farm |
| 10:01 | Farm |
| 10:26 | Holy Light |
| 10:40 | Flare |
| 10:57 | Farm |
| 10:59 | Farm |
| 11:11 | Lumber Mill |
| 11:14 | Flying Machine Bombs |
| 11:15 | Fragmentation Shards |
| 11:24 | Refined Gunpowder |
| 11:25 | Iron Plating |
| 11:33 | Farm |
| 11:42 | Farm |
| 11:43 | Farm |
| 11:47 | Farm |
| 11:49 | Farm |
| 11:59 | Mortar Team |
| 12:04 | Mortar Team |
| 12:08 | Farm |
| 12:09 | Farm |
| 12:09 | Farm |
| 13:02 | Imbued Gunpowder |
| 13:05 | Imbued Masonry |
| 13:42 | Flying Machine |
| 13:43 | Flying Machine |
| 13:43 | Flying Machine |
| 14:36 | Farm |
| 14:37 | Farm |
| 14:46 | Flying Machine |
| 14:50 | Flying Machine |
| 15:51 | Gryphon Aviary |
| 15:55 | Arcane Vault |
| 18:53 | Divine Shield |
| 18:57 | Flying Machine |
| 18:57 | Flying Machine |
| 18:58 | Flying Machine |
| 18:58 | Flying Machine |
| 18:58 | Flying Machine |
| 18:58 | Flying Machine |
| 18:58 | Flying Machine |
| 19:07 | Scout Tower |
| 19:08 | Scout Tower |
| 19:09 | Scout Tower |
| 19:22 | Scout Tower |
| 19:37 | Steel Plating |
| 19:44 | Flying Machine |
| 19:44 | Flying Machine |
| 19:46 | Scout Tower |
| 19:48 | Scout Tower |
| 19:48 | Scout Tower |
| 19:50 | Guard Tower |
| 19:54 | Cloud |
| 19:54 | Dragonhawk Rider |
| 19:54 | Dragonhawk Rider |
| 20:10 | Scout Tower |
| 20:18 | Guard Tower |
| 20:21 | Scout Tower |
| 20:22 | Scout Tower |
| 20:23 | Scout Tower |
| 21:06 | Flying Machine |
| 21:25 | Guard Tower |
| 24:39 | Scout Tower |
| 24:50 | Guard Tower |
| 24:52 | Scout Tower |
| 24:54 | Scout Tower |
| 24:56 | Scout Tower |
| 24:57 | Scout Tower |
| 25:44 | Scout Tower |
| 25:45 | Scout Tower |
| 25:45 | Scout Tower |
| 25:46 | Scout Tower |
| 25:48 | Scout Tower |
| 25:50 | Scout Tower |
| 26:22 | Mortar Team |
| 26:23 | Mortar Team |
| 26:31 | Guard Tower |
| 26:38 | Scout Tower |
| 26:39 | Scout Tower |
| 26:41 | Scout Tower |
| 26:43 | Scout Tower |
| 26:46 | Scout Tower |
| 27:20 | Altar of Kings |
| 27:22 | Guard Tower |
| 28:39 | Cannon Tower |
| 29:14 | Storm Bolt |
| 29:15 | Storm Bolt |
| 32:44 | Mortar Team |
| 32:44 | Mortar Team |
| 35:06 | Holy Light |
| 35:07 | Holy Light |
| Right click | 1380 |
| Select group | 409 |
| Select | 372 |
| Build/train/purchase | 109 |
| Use ability | 94 |
| Misc. action | 91 |
| Resource trade | 13 |
| Assign group | 11 |
| Minimap ping | 10 |
| Esc | 1 |


| Peasant | 18 | 1350 | / | 0 |
| total: | 18 | 1350g | / | 0w |
| Scout Tower | 71 | 2130 | / | 1420 |
| Arcane Tower | 12 | 840 | / | 600 |
| Guard Tower | 12 | 840 | / | 600 |
| Altar of Kings | 2 | 360 | / | 100 |
| Farm | 7 | 560 | / | 140 |
| Lumber Mill | 2 | 240 | / | 0 |
| Town Hall | 2 | 770 | / | 410 |
| Keep | 1 | 320 | / | 210 |
| Castle | 1 | 360 | / | 210 |
| total: | 84 | 4060g | / | 2070w |
| 0:03 | Peasant |
| 0:03 | Peasant |
| 0:08 | Altar of Kings |
| 0:13 | Farm |
| 0:14 | Farm |
| 0:22 | Peasant |
| 0:31 | Peasant |
| 0:31 | Peasant |
| 0:52 | Lumber Mill |
| 0:55 | Peasant |
| 1:04 | Farm |
| 1:12 | Scout Tower |
| 1:14 | Peasant |
| 1:24 | Peasant |
| 1:34 | Peasant |
| 1:43 | Arcane Tower |
| 1:53 | Improved Lumber Harvesting |
| 2:09 | Improved Masonry |
| 2:43 | Peasant |
| 2:43 | Peasant |
| 2:43 | Peasant |
| 2:43 | Peasant |
| 2:43 | Peasant |
| 2:48 | Scout Tower |
| 3:14 | Storm Bolt |
| 3:27 | Scout Tower |
| 3:52 | Scout Tower |
| 3:59 | Scout Tower |
| 4:00 | Scout Tower |
| 4:02 | Scout Tower |
| 4:11 | Scout Tower |
| 4:48 | Guard Tower |
| 4:51 | Scout Tower |
| 4:51 | Scout Tower |
| 4:52 | Scout Tower |
| 4:53 | Scout Tower |
| 4:55 | Keep |
| 4:57 | Arcane Tower |
| 5:00 | Scout Tower |
| 5:07 | Scout Tower |
| 5:08 | Scout Tower |
| 5:08 | Scout Tower |
| 5:10 | Scout Tower |
| 5:10 | Scout Tower |
| 5:11 | Scout Tower |
| 5:13 | Scout Tower |
| 5:13 | Scout Tower |
| 5:14 | Scout Tower |
| 5:15 | Scout Tower |
| 5:15 | Scout Tower |
| 5:17 | Scout Tower |
| 5:17 | Scout Tower |
| 5:18 | Scout Tower |
| 5:19 | Scout Tower |
| 5:20 | Scout Tower |
| 5:21 | Scout Tower |
| 5:21 | Scout Tower |
| 5:26 | Guard Tower |
| 5:37 | Guard Tower |
| 6:00 | Guard Tower |
| 6:23 | Arcane Tower |
| 6:43 | Arcane Tower |
| 7:01 | Guard Tower |
| 7:18 | Castle |
| 7:22 | Advanced Masonry |
| 8:50 | Arcane Tower |
| 8:52 | Guard Tower |
| 8:55 | Arcane Tower |
| 9:19 | Altar of Kings |
| 9:24 | Farm |
| 9:25 | Farm |
| 9:30 | Scout Tower |
| 9:31 | Scout Tower |
| 9:57 | Lumber Mill |
| 10:01 | Farm |
| 10:12 | Farm |
| 10:19 | Arcane Tower |
| 12:24 | Bash |
| 12:26 | Bash |
| 14:04 | Town Hall |
| 14:17 | Town Hall |
| 14:41 | Holy Light |
| 15:04 | Divine Shield |
| 16:15 | Peasant |
| 16:18 | Peasant |
| 16:35 | Peasant |
| 17:08 | Scout Tower |
| 17:09 | Scout Tower |
| 17:10 | Scout Tower |
| 17:10 | Scout Tower |
| 17:11 | Scout Tower |
| 17:14 | Scout Tower |
| 17:14 | Scout Tower |
| 17:15 | Scout Tower |
| 17:18 | Peasant |
| 17:57 | Guard Tower |
| 18:48 | Scout Tower |
| 18:49 | Scout Tower |
| 18:49 | Scout Tower |
| 18:50 | Scout Tower |
| 18:51 | Scout Tower |
| 18:52 | Scout Tower |
| 18:53 | Scout Tower |
| 19:22 | Guard Tower |
| 20:02 | Guard Tower |
| 20:05 | Scout Tower |
| 20:06 | Scout Tower |
| 20:06 | Scout Tower |
| 20:09 | Scout Tower |
| 20:12 | Scout Tower |
| 21:24 | Arcane Tower |
| 23:20 | Scout Tower |
| 23:21 | Scout Tower |
| 23:21 | Scout Tower |
| 23:23 | Scout Tower |
| 23:24 | Scout Tower |
| 23:26 | Scout Tower |
| 23:26 | Scout Tower |
| 23:27 | Scout Tower |
| 23:28 | Scout Tower |
| 24:09 | Arcane Tower |
| 24:36 | Guard Tower |
| 25:32 | Guard Tower |
| 26:14 | Scout Tower |
| 26:16 | Scout Tower |
| 26:17 | Scout Tower |
| 26:19 | Scout Tower |
| 26:47 | Scout Tower |
| 26:50 | Scout Tower |
| 26:52 | Scout Tower |
| 26:57 | Arcane Tower |
| 27:32 | Arcane Tower |
| 27:34 | Guard Tower |
| 27:38 | Scout Tower |
| 27:39 | Scout Tower |
| 28:37 | Arcane Tower |
| Right click | 1942 |
| Select group | 539 |
| Select | 434 |
| Build/train/purchase | 60 |
| Use ability | 35 |
| Misc. action | 20 |
| Assign group | 19 |
| Minimap ping | 10 |
| Chat | 9 |
| Resource trade | 5 |
| Esc | 2 |
Cabeelibob
(194)
(36:03) : 
| Lesser Clarity Potion | 8 | 560 |
| Healing Salve | 2 | 200 |
| Orb of Lightning | 2 | 750 |
| Tiny Great Hall | 1 | 600 |
| Potion of Mana | 1 | 200 |
| Potion of Healing | 1 | 150 |
| Boots of Speed | 1 | 250 |
| Staff of Teleportation | 1 | 150 |
| Orb of Fire | 1 | 325 |
| total: | 18 | 3185g |
| Peon | 14 | 1050 | / | 0 |
| Troll Witch Doctor | 4 | 580 | / | 100 |
| Raider | 1 | 180 | / | 40 |
| total: | 19 | 1810g | / | 140w |
| Watch Tower | 3 | 330 | / | 240 |
| Altar of Storms | 3 | 540 | / | 150 |
| Orc Burrow | 5 | 800 | / | 200 |
| War Mill | 2 | 410 | / | 0 |
| Great Hall | 1 | 385 | / | 185 |
| Voodoo Lounge | 1 | 130 | / | 30 |
| Spirit Lodge | 1 | 150 | / | 150 |
| Beastiary | 1 | 145 | / | 140 |
| Stronghold | 1 | 315 | / | 190 |
| Fortress | 1 | 325 | / | 190 |
| total: | 17 | 2890g | / | 1095w |
| 0:07 | Altar of Storms |
| 0:09 | Altar of Storms |
| 0:13 | Orc Burrow |
| 0:14 | Peon |
| 0:32 | Peon |
| 0:33 | Peon |
| 1:07 | War Mill |
| 1:12 | Orc Burrow |
| 1:17 | Peon |
| 1:22 | Peon |
| 1:33 | Peon |
| 1:45 | Peon |
| 2:14 | Wind Walk |
| 2:39 | Watch Tower |
| 2:42 | Watch Tower |
| 2:44 | Peon |
| 2:44 | Peon |
| 2:44 | Peon |
| 2:53 | Watch Tower |
| 4:20 | Peon |
| 4:52 | Great Hall |
| 5:07 | Orc Burrow |
| 5:17 | Voodoo Lounge |
| 5:24 | Orc Burrow |
| 5:35 | Peon |
| 5:36 | Peon |
| 5:46 | Boots of Speed |
| 5:47 | Staff of Teleportation |
| 6:02 | Peon |
| 6:51 | War Mill |
| 7:02 | Lesser Clarity Potion |
| 7:04 | Healing Salve |
| 9:00 | Stronghold |
| 9:04 | Lesser Clarity Potion |
| 13:29 | Fortress |
| 13:36 | Spirit Lodge |
| 14:32 | Altar of Storms |
| 14:53 | Witch Doctor Adept Training |
| 16:20 | Witch Doctor Master Training |
| 16:20 | Troll Witch Doctor |
| 16:21 | Troll Witch Doctor |
| 16:21 | Troll Witch Doctor |
| 16:22 | Troll Witch Doctor |
| 16:25 | Orc Burrow |
| 16:52 | Lesser Clarity Potion |
| 16:53 | Orb of Lightning |
| 17:39 | Lesser Clarity Potion |
| 18:17 | Critical Strike |
| 20:31 | Beastiary |
| 22:25 | Orb of Lightning |
| 22:25 | Tiny Great Hall |
| 24:14 | Wind Walk |
| 26:11 | Lesser Clarity Potion |
| 26:56 | Orb of Fire |
| 30:22 | Ensnare |
| 30:23 | Raider |
| 30:31 | Potion of Mana |
| 30:31 | Lesser Clarity Potion |
| 31:30 | Potion of Healing |
| 34:51 | Critical Strike |
| 34:54 | Lesser Clarity Potion |
| 35:17 | Healing Salve |
| 35:17 | Lesser Clarity Potion |
| Right click | 1416 |
| Select | 167 |
| Misc. action | 100 |
| Select group | 98 |
| Build/train/purchase | 95 |
| Resource trade | 82 |
| Chat | 82 |
| Use ability | 8 |
| Minimap ping | 5 |
| Item give/drop | 4 |
| Assign group | 2 |
200 units @ 28.4k
/ 4.8k
109 buildings @ 17.3k
/ 8.5k
⇛
Frozencone
(3)
(36:03) : 

| Lesser Clarity Potion | 3 | 210 |
| Healing Salve | 1 | 100 |
| Scroll of Speed | 1 | 50 |
| Orb of Lightning | 1 | 375 |
| Potion of Mana | 2 | 400 |
| Scroll of Protection | 1 | 150 |
| total: | 9 | 1285g |
| Peon | 40 | 3000 | / | 0 |
| Troll Headhunter | 8 | 1120 | / | 160 |
| Demolisher | 5 | 1100 | / | 250 |
| Tauren | 8 | 2240 | / | 640 |
| Troll Berserker | 3 | 420 | / | 60 |
| Troll Batrider | 6 | 960 | / | 240 |
| total: | 70 | 8840g | / | 1350w |
| Watch Tower | 35 | 3850 | / | 2800 |
| Altar of Storms | 1 | 180 | / | 50 |
| Orc Burrow | 8 | 1280 | / | 320 |
| War Mill | 2 | 410 | / | 0 |
| Barracks | 1 | 180 | / | 50 |
| Voodoo Lounge | 2 | 260 | / | 60 |
| Great Hall | 4 | 1540 | / | 740 |
| Tauren Totem | 1 | 135 | / | 155 |
| Beastiary | 1 | 145 | / | 140 |
| Stronghold | 1 | 315 | / | 190 |
| Fortress | 1 | 325 | / | 190 |
| total: | 55 | 7980g | / | 4315w |
| 0:10 | Peon |
| 0:10 | Peon |
| 0:26 | Altar of Storms |
| 0:33 | Peon |
| 0:33 | Peon |
| 0:41 | Orc Burrow |
| 1:03 | War Mill |
| 1:08 | Peon |
| 1:08 | Peon |
| 1:08 | Peon |
| 1:36 | Orc Burrow |
| 1:45 | Barracks |
| 1:51 | Peon |
| 2:06 | Peon |
| 2:42 | Stronghold |
| 2:48 | Troll Headhunter |
| 2:55 | Serpent Ward |
| 2:59 | Troll Headhunter |
| 3:13 | Troll Headhunter |
| 3:29 | Orc Burrow |
| 3:40 | Troll Headhunter |
| 3:56 | Troll Headhunter |
| 4:10 | Troll Headhunter |
| 4:16 | Steel Ranged Weapons |
| 4:19 | Healing Wave |
| 4:29 | Voodoo Lounge |
| 4:42 | Troll Headhunter |
| 5:02 | Troll Headhunter |
| 5:18 | Thorium Ranged Weapons |
| 5:43 | Fortress |
| 5:51 | Serpent Ward |
| 6:00 | Orc Burrow |
| 6:09 | Lesser Clarity Potion |
| 6:09 | Healing Salve |
| 6:15 | Lesser Clarity Potion |
| 6:16 | Scroll of Speed |
| 6:29 | Steel Armor |
| 7:07 | Watch Tower |
| 8:13 | Berserker Upgrade |
| 8:14 | Thorium Armor |
| 8:25 | Tauren Totem |
| 9:08 | Demolisher |
| 9:08 | Demolisher |
| 9:14 | Burning Oil |
| 9:15 | Steel Melee Weapons |
| 9:44 | Orc Burrow |
| 9:46 | Reinforced Defenses |
| 9:48 | Tauren |
| 9:49 | Tauren |
| 11:12 | Healing Wave |
| 11:19 | Demolisher |
| 12:44 | Tauren |
| 12:44 | Tauren |
| 12:45 | Thorium Melee Weapons |
| 13:47 | Watch Tower |
| 13:51 | Watch Tower |
| 14:00 | Howl of Terror |
| 14:16 | Tauren |
| 14:21 | Orc Burrow |
| 15:00 | Rain of Fire |
| 16:04 | Great Hall |
| 16:11 | Great Hall |
| 16:15 | Great Hall |
| 16:25 | Rain of Fire |
| 18:55 | Tauren |
| 18:55 | Tauren |
| 18:59 | Peon |
| 19:00 | Peon |
| 19:00 | Peon |
| 19:00 | Peon |
| 19:03 | Peon |
| 19:03 | Peon |
| 19:06 | Peon |
| 19:06 | Peon |
| 19:06 | Peon |
| 19:15 | Troll Berserker |
| 19:22 | Peon |
| 19:22 | Peon |
| 19:25 | Peon |
| 19:26 | Peon |
| 19:35 | Peon |
| 19:42 | Orc Burrow |
| 19:45 | Watch Tower |
| 19:46 | Peon |
| 19:48 | Peon |
| 19:54 | Orc Burrow |
| 20:07 | Tauren |
| 20:21 | Troll Berserker |
| 20:21 | Troll Berserker |
| 20:27 | Peon |
| 20:27 | Peon |
| 20:27 | Peon |
| 20:27 | Peon |
| 20:41 | Watch Tower |
| 20:52 | Watch Tower |
| 21:16 | Peon |
| 21:16 | Peon |
| 21:16 | Peon |
| 21:24 | Watch Tower |
| 21:27 | Watch Tower |
| 21:32 | Peon |
| 21:32 | Peon |
| 21:47 | Peon |
| 21:47 | Peon |
| 21:53 | Peon |
| 21:53 | Peon |
| 22:05 | Watch Tower |
| 22:07 | Watch Tower |
| 22:31 | Watch Tower |
| 22:42 | Watch Tower |
| 22:50 | Orb of Lightning |
| 23:16 | Watch Tower |
| 23:18 | Watch Tower |
| 23:34 | Peon |
| 23:34 | Peon |
| 24:43 | Watch Tower |
| 24:45 | Watch Tower |
| 24:45 | Watch Tower |
| 24:47 | Watch Tower |
| 24:53 | Watch Tower |
| 24:57 | Watch Tower |
| 25:05 | Backpack |
| 25:10 | Beastiary |
| 25:44 | Watch Tower |
| 25:55 | Watch Tower |
| 25:59 | Watch Tower |
| 26:04 | Watch Tower |
| 26:12 | Watch Tower |
| 26:25 | Troll Batrider |
| 26:25 | Troll Batrider |
| 26:25 | Troll Batrider |
| 26:25 | Troll Batrider |
| 26:26 | Troll Batrider |
| 26:26 | Troll Batrider |
| 27:10 | Watch Tower |
| 27:11 | Watch Tower |
| 27:33 | Watch Tower |
| 27:36 | Watch Tower |
| 27:40 | Watch Tower |
| 27:50 | War Mill |
| 28:05 | Great Hall |
| 28:08 | Watch Tower |
| 28:15 | Watch Tower |
| 30:24 | Watch Tower |
| 30:29 | Arcanite Melee Weapons |
| 30:31 | Arcanite Armor |
| 30:32 | Arcanite Ranged Weapons |
| 30:34 | Spiked Barricades |
| 30:43 | Watch Tower |
| 31:53 | Watch Tower |
| 32:01 | Voodoo Lounge |
| 32:40 | Scroll of Protection |
| 34:39 | Lesser Clarity Potion |
| 34:41 | Potion of Mana |
| 34:43 | Potion of Mana |
| 35:08 | Demolisher |
| 35:08 | Demolisher |
| 35:56 | Serpent Ward |
| Right click | 791 |
| Select group | 295 |
| Select | 259 |
| Build/train/purchase | 128 |
| Misc. action | 79 |
| Use ability | 76 |
| Resource trade | 28 |
| Assign group | 26 |
| Minimap ping | 16 |
| Esc | 2 |
| Item give/drop | 1 |
| Remove unit | 1 |


| Healing Salve | 2 | 200 |
| Lesser Clarity Potion | 2 | 140 |
| Scroll of Speed | 1 | 50 |
| Potion of Healing | 3 | 450 |
| Orb of Lightning | 1 | 375 |
| Scroll of Town Portal | 1 | 350 |
| total: | 10 | 1565g |
| Peon | 19 | 1425 | / | 0 |
| Grunt | 4 | 800 | / | 0 |
| Shaman | 1 | 130 | / | 20 |
| Troll Witch Doctor | 2 | 290 | / | 50 |
| Tauren | 3 | 840 | / | 240 |
| Demolisher | 6 | 1320 | / | 300 |
| Troll Batrider | 13 | 2080 | / | 520 |
| Raider | 7 | 1260 | / | 280 |
| total: | 55 | 8145g | / | 1410w |
| War Mill | 2 | 410 | / | 0 |
| Altar of Storms | 1 | 180 | / | 50 |
| Orc Burrow | 6 | 960 | / | 240 |
| Barracks | 1 | 180 | / | 50 |
| Voodoo Lounge | 1 | 130 | / | 30 |
| Great Hall | 3 | 1155 | / | 555 |
| Spirit Lodge | 2 | 300 | / | 300 |
| Tauren Totem | 2 | 270 | / | 310 |
| Beastiary | 2 | 290 | / | 280 |
| Stronghold | 1 | 315 | / | 190 |
| Fortress | 1 | 325 | / | 190 |
| total: | 20 | 3875g | / | 1815w |
| 0:07 | War Mill |
| 0:10 | Peon |
| 0:16 | Altar of Storms |
| 0:27 | Orc Burrow |
| 0:36 | Peon |
| 0:46 | Peon |
| 1:01 | Peon |
| 1:11 | Peon |
| 1:25 | Barracks |
| 1:40 | Orc Burrow |
| 1:44 | Peon |
| 1:55 | Peon |
| 2:11 | Peon |
| 2:24 | Feral Spirit |
| 2:32 | Voodoo Lounge |
| 2:38 | Grunt |
| 2:55 | Peon |
| 3:08 | Grunt |
| 3:33 | Stronghold |
| 3:37 | Grunt |
| 3:59 | Chain Lighting |
| 4:02 | Grunt |
| 4:04 | Steel Armor |
| 4:13 | Healing Salve |
| 4:29 | Orc Burrow |
| 5:57 | Pillage |
| 5:59 | Berserker Strength |
| 6:04 | Feral Spirit |
| 6:24 | Peon |
| 7:01 | War Stomp |
| 7:02 | Healing Salve |
| 7:02 | Lesser Clarity Potion |
| 7:03 | Scroll of Speed |
| 7:17 | Great Hall |
| 7:39 | Fortress |
| 7:43 | Spirit Lodge |
| 7:47 | Spirit Lodge |
| 8:01 | Steel Melee Weapons |
| 9:28 | Shaman |
| 9:29 | Troll Witch Doctor |
| 9:29 | Shaman Adept Training |
| 9:30 | Witch Doctor Adept Training |
| 9:54 | Peon |
| 9:54 | Peon |
| 9:54 | Peon |
| 9:54 | Peon |
| 10:17 | Tauren Totem |
| 10:20 | Tauren Totem |
| 11:09 | Orc Burrow |
| 11:11 | Orc Burrow |
| 11:14 | Orc Burrow |
| 11:34 | Pulverize |
| 11:44 | Tauren |
| 12:11 | Tauren |
| 12:37 | Demolisher |
| 12:37 | Demolisher |
| 12:39 | Burning Oil |
| 12:42 | Chain Lighting |
| 12:44 | Endurance Aura |
| 12:46 | Witch Doctor Master Training |
| 13:52 | Shaman Master Training |
| 14:35 | Demolisher |
| 14:36 | Demolisher |
| 14:39 | Steel Ranged Weapons |
| 14:55 | War Stomp |
| 15:54 | Thorium Armor |
| 16:13 | Feral Spirit |
| 18:03 | Endurance Aura |
| 18:45 | Tauren |
| 19:18 | Beastiary |
| 19:20 | Beastiary |
| 19:39 | Scroll of Town Portal |
| 19:39 | Potion of Healing |
| 19:41 | Orb of Lightning |
| 19:44 | Potion of Healing |
| 20:25 | Troll Batrider |
| 20:26 | Troll Batrider |
| 20:27 | Reinforced Defenses |
| 20:52 | Troll Batrider |
| 20:52 | Troll Batrider |
| 21:14 | Troll Witch Doctor |
| 21:19 | Liquid Fire |
| 21:21 | Troll Batrider |
| 21:29 | War Mill |
| 21:46 | Great Hall |
| 22:24 | Troll Batrider |
| 22:24 | Troll Batrider |
| 22:24 | Troll Batrider |
| 23:06 | Troll Batrider |
| 23:07 | Troll Batrider |
| 23:39 | Troll Batrider |
| 23:40 | Troll Batrider |
| 24:05 | Troll Batrider |
| 25:43 | Peon |
| 25:44 | Peon |
| 25:44 | Peon |
| 25:44 | Peon |
| 25:44 | Peon |
| 26:19 | Arcanite Armor |
| 27:19 | Great Hall |
| 27:29 | Demolisher |
| 27:29 | Demolisher |
| 27:56 | Endurance Aura |
| 28:46 | Thorium Ranged Weapons |
| 28:56 | Ensnare |
| 28:58 | Raider |
| 31:23 | Earth Quake |
| 32:36 | Raider |
| 32:36 | Raider |
| 32:37 | Raider |
| 32:37 | Raider |
| 35:44 | Reincarnation |
| 35:57 | Raider |
| 35:57 | Raider |
| 36:00 | Potion of Healing |
| 36:03 | Lesser Clarity Potion |
| Right click | 699 |
| Select | 453 |
| Select group | 349 |
| Build/train/purchase | 125 |
| Misc. action | 78 |
| Use ability | 59 |
| Assign group | 23 |
| Resource trade | 23 |
| Remove unit | 3 |
| Minimap ping | 2 |
| Item give/drop | 1 |



| Healing Salve | 2 | 200 |
| Lesser Clarity Potion | 1 | 70 |
| Scroll of Speed | 1 | 50 |
| Potion of Lesser Invulnerability | 1 | 150 |
| total: | 5 | 470g |
| Peon | 19 | 1425 | / | 0 |
| Troll Headhunter | 22 | 3080 | / | 440 |
| Shaman | 6 | 780 | / | 120 |
| Tauren | 10 | 2800 | / | 800 |
| Troll Witch Doctor | 4 | 580 | / | 100 |
| Demolisher | 10 | 2200 | / | 500 |
| Troll Berserker | 4 | 560 | / | 80 |
| total: | 75 | 11425g | / | 2040w |
| Watch Tower | 10 | 1100 | / | 800 |
| Altar of Storms | 1 | 180 | / | 50 |
| Orc Burrow | 13 | 2080 | / | 520 |
| War Mill | 2 | 410 | / | 0 |
| Barracks | 2 | 360 | / | 100 |
| Voodoo Lounge | 1 | 130 | / | 30 |
| Great Hall | 2 | 770 | / | 370 |
| Spirit Lodge | 2 | 300 | / | 300 |
| Tauren Totem | 1 | 135 | / | 155 |
| Stronghold | 4 | 1260 | / | 760 |
| Fortress | 4 | 1300 | / | 760 |
| total: | 34 | 5465g | / | 2325w |
| 0:03 | Peon |
| 0:03 | Peon |
| 0:03 | Peon |
| 0:04 | Peon |
| 0:04 | Peon |
| 0:04 | Peon |
| 0:21 | Altar of Storms |
| 0:35 | Orc Burrow |
| 0:43 | Peon |
| 1:21 | War Mill |
| 1:25 | Barracks |
| 1:36 | Orc Burrow |
| 1:45 | Peon |
| 2:07 | Barracks |
| 2:26 | Feral Spirit |
| 2:32 | Voodoo Lounge |
| 2:41 | Troll Headhunter |
| 2:41 | Troll Headhunter |
| 2:42 | Troll Headhunter |
| 2:43 | Troll Headhunter |
| 2:56 | Troll Headhunter |
| 2:56 | Troll Headhunter |
| 3:08 | Orc Burrow |
| 3:19 | Troll Headhunter |
| 3:26 | Troll Headhunter |
| 3:59 | Healing Salve |
| 4:00 | Lesser Clarity Potion |
| 4:00 | Scroll of Speed |
| 4:04 | Troll Headhunter |
| 4:04 | Troll Headhunter |
| 4:23 | Troll Headhunter |
| 4:23 | Troll Headhunter |
| 4:58 | Stronghold |
| 5:02 | Chain Lighting |
| 5:07 | Troll Headhunter |
| 5:20 | Troll Headhunter |
| 5:20 | Troll Headhunter |
| 5:28 | Chain Lighting |
| 5:39 | Troll Headhunter |
| 5:40 | Troll Headhunter |
| 5:47 | Healing Salve |
| 6:01 | Orc Burrow |
| 6:49 | Steel Ranged Weapons |
| 6:50 | Steel Armor |
| 7:00 | Orc Burrow |
| 7:03 | Spiked Barricades |
| 7:03 | Improved Spiked Barricades |
| 7:55 | Troll Headhunter |
| 7:55 | Troll Headhunter |
| 8:15 | Troll Regeneration |
| 8:16 | Troll Headhunter |
| 8:30 | Troll Headhunter |
| 8:31 | Troll Headhunter |
| 8:59 | Spirit Lodge |
| 9:03 | Tauren Totem |
| 9:11 | Healing Wave |
| 9:27 | Fortress |
| 10:23 | Spirit Lodge |
| 10:40 | Orc Burrow |
| 10:42 | Thorium Ranged Weapons |
| 10:42 | Arcanite Ranged Weapons |
| 10:43 | Thorium Armor |
| 10:43 | Arcanite Armor |
| 11:03 | Steel Melee Weapons |
| 11:28 | Orc Burrow |
| 12:01 | Feral Spirit |
| 12:10 | Berserker Upgrade |
| 12:12 | Witch Doctor Adept Training |
| 12:12 | Shaman Adept Training |
| 12:12 | Shaman Master Training |
| 12:13 | Shaman |
| 12:13 | Shaman |
| 12:48 | Watch Tower |
| 12:50 | Tauren |
| 12:50 | Tauren |
| 13:18 | Peon |
| 13:18 | Peon |
| 13:29 | Tauren |
| 13:29 | Tauren |
| 13:43 | Hex |
| 14:02 | Witch Doctor Master Training |
| 14:32 | Reinforced Defenses |
| 15:13 | Great Hall |
| 15:27 | Orc Burrow |
| 15:29 | Healing Wave |
| 15:55 | Peon |
| 15:55 | Peon |
| 15:55 | Peon |
| 16:37 | War Mill |
| 16:43 | Pulverize |
| 17:11 | Orc Burrow |
| 17:33 | Thorium Melee Weapons |
| 17:33 | Arcanite Melee Weapons |
| 18:01 | Chain Lighting |
| 18:36 | Watch Tower |
| 18:37 | Watch Tower |
| 18:47 | Peon |
| 18:47 | Peon |
| 19:08 | Shaman |
| 19:09 | Shaman |
| 19:15 | Peon |
| 19:15 | Peon |
| 19:31 | Watch Tower |
| 19:42 | Peon |
| 20:20 | Shaman |
| 20:20 | Shaman |
| 20:20 | Troll Witch Doctor |
| 20:21 | Troll Witch Doctor |
| 20:42 | Peon |
| 20:52 | Tauren |
| 20:52 | Tauren |
| 21:03 | Hex |
| 21:43 | Great Hall |
| 22:54 | Stronghold |
| 23:02 | Shockwave |
| 23:17 | Watch Tower |
| 23:20 | Watch Tower |
| 23:21 | Watch Tower |
| 23:56 | Watch Tower |
| 23:57 | Watch Tower |
| 23:58 | Watch Tower |
| 25:25 | Orc Burrow |
| 25:29 | Orc Burrow |
| 26:29 | Orc Burrow |
| 26:53 | Fortress |
| 27:31 | Orc Burrow |
| 28:12 | Spirit Walker Adept Training |
| 28:46 | Demolisher |
| 28:47 | Demolisher |
| 28:47 | Demolisher |
| 28:47 | Demolisher |
| 28:47 | Demolisher |
| 28:47 | Demolisher |
| 30:03 | Spirit Walker Master Training |
| 30:56 | Potion of Lesser Invulnerability |
| 31:41 | War Stomp |
| 31:43 | Earth Quake |
| 31:53 | Tauren |
| 31:53 | Tauren |
| 32:27 | Troll Berserker |
| 32:28 | Troll Berserker |
| 32:56 | Troll Witch Doctor |
| 32:56 | Troll Witch Doctor |
| 34:37 | Tauren |
| 34:38 | Tauren |
| 34:40 | Demolisher |
| 34:40 | Demolisher |
| 34:40 | Demolisher |
| 34:40 | Demolisher |
| 35:21 | Troll Berserker |
| 35:21 | Troll Berserker |
| Right click | 1275 |
| Select group | 900 |
| Select | 390 |
| Build/train/purchase | 188 |
| Chat | 126 |
| Assign group | 80 |
| Use ability | 50 |
| Minimap ping | 45 |
| Misc. action | 12 |
| Remove unit | 4 |